 Dungeon Crawl Stone Soup version 0.18-a0-337-g1235303 (webtiles) character file.

40 4thArraOfDagon the Insei (level 3, -14/18 HPs)
             Began as a Vine Stalker Transmuter on Nov 28, 2015.
             Demolished by an ogre
             ... wielding a +0 giant spiked club
              (29 damage)
             ... on level 7 of the Dungeon.
             The game lasted 00:04:04 (629 turns).

4thArraOfDagon the Insei (Vine Stalker Transmuter)   Turns: 629, Time: 00:04:04

Health: -14/18     AC:  2    Str: 12    XL:     3   Next: 50%
Magic:  0/7        EV: 12    Int: 14    God:
Gold:   31         SH:  0    Dex: 14    Spells: 1 memorised, 5 levels left

rFire  . . .     SeeInvis .       - Unarmed
rCold  . . .     Clarity  .     b - +0 robe
rNeg   . . .     SustAt   .     (no shield)
rPois  .         Gourm    .     (no helmet)
rElec  .         Spirit   +     (no cloak)
rCorr  .         Warding  .     (no gloves)
rMut   .         Stasis   .     (no boots)
MR     .....                    (no amulet)
Stlth  ++........               (no ring)
                                e - ring of stealth

@: not resistant to hostile enchantments, unstealthy
A: fangs 2, regeneration 1, magic shield, antimagic bite, no device heal 3, rot
immunity
a: no special abilities


You were on level 7 of the Dungeon.
You were not hungry.

You visited 1 branch of the dungeon, and saw 7 of its levels.

You collected 94 gold pieces.
You spent 63 gold pieces at shops.

Inventory:

Missiles
 a - 12 arrows
Armour
 b - a +0 robe (worn)
Jewellery
 e - a ring of stealth (left hand)
Wands
 k - a wand of lightning (3)
Scrolls
 l - a scroll of teleportation {unknown}
 o - 2 scrolls of identify
 p - a scroll of enchant armour {unknown}
Potions
 g - a potion of cure mutation
 i - a potion of brilliance {unknown}
 m - a potion of flight {unknown}
 n - a potion of curing {unknown}
Books
 c - a book of Changes

   Spells                             Type                      Level
   a - Beastly Appendage              Transmutation                1
   b - Sticks to Snakes               Transmutation                2
   c - Spider Form                    Transmutation/Poison         3
   d - Ice Form                       Ice/Transmutation            4
   e - Blade Hands                    Transmutation                5
Comestibles
 d - 3 bread rations
 f - a slice of pizza
 h - 7 fruits
 j - a beef jerky


   Skills:
 + Level 1.4 Fighting
 + Level 1.9 Dodging
 * Level 3.5 Unarmed Combat
 + Level 2.4 Spellcasting
 + Level 2.3 Transmutations


You had 5 spell levels left.
You knew the following spells:

 Your Spells              Type           Power        Failure   Level  Hunger
a - Beastly Appendage     Trmt           #.....       12%         1    #......


Dungeon Overview and Level Annotations

Branches:
Dungeon (7/15)             Temple (0/1) D:7

Altars:
Vehumet

Shops:
D:5 *


Innate Abilities, Weirdness & Mutations

You have extremely sharp teeth.
Your natural rate of healing is unusually fast.
When hurt, damage is shared between your health and your magic reserves.
Your bite disrupts and absorbs the magic of your enemies.
Potions and wands cannot restore your health.
You are immune to rotting.


Message History

You hear a mighty clap of thunder!
The bolt of lightning hits the iguana.
You kill the iguana!
You have reached level 3!
Your experience leads to an increase in your attributes!
Increase (S)trength, (I)ntelligence, or (D)exterity?
You feel clever.
Evoking this partially-identified wand wasted a few charges.
You hear a shout! x7
You hear a croak.
Evoke which item? (* to show all) (? for menu, Esc to quit)
Zapping:
k - a wand of lightning {zapped: 3} (will waste charges)
Press: ? - help, Shift-Dir - straight line You hear a mighty clap of thunder!
The bolt of lightning misses the ogre.
The bolt of lightning hits the ogre.
The ogre is moderately wounded.
Evoking this partially-identified wand wasted a few charges.
The ogre hits you with a giant spiked club!!
Ouch! That really hurt!
You die...

...## ### ....
..#############.#######
.......................
.............##.######
..............l.#####
.............###....#
.............'.O....####
.<...........###@.......
.............# #........
#............# #........
......>......# #..+#####
##...........# #.......#
#......§....###.8.8.8..
#...........##...⌠.O...
#####..#..§..#..8.>.8$#
#....§.§.....⌠.⌠..#


You could see an ogre.

Vanquished Creatures
  An iguana (D:7)
  An adder (D:5)
  A giant cockroach (D:1)
  A hobgoblin (D:1)
  A bat (D:1)
  A giant newt (D:2)
  3 kobolds
9 creatures vanquished.

Notes
Turn   | Place    | Note
--------------------------------------------------------------
     0 | D:1      | 4thArraOfDagon the Vine Stalker Transmuter began the quest for the Orb.
     0 | D:1      | Reached XP level 1. HP: 9/9 MP: 4/4
    29 | D:1      | Reached skill level 1 in Fighting
   275 | D:5      | Entered Level 5 of the Dungeon
   276 | D:5      | Noticed a jelly
   278 | D:5      | ctrl q
   278 | D:5      | repeat the process
   365 | D:5      | Ctrl q
   416 | D:5      | Reached XP level 2. HP: 9/14 MP: 4/6
   423 | D:5      | Found Xomizimiu's Assorted Antiques.
   431 | D:5      | Bought a scroll labeled ENOROX DURY for 23 gold pieces
   431 | D:5      | Bought a grey potion for 20 gold pieces
   431 | D:5      | Bought a yellow potion for 20 gold pieces
   468 | D:6      | Noticed a slave
   580 | D:7      | Found a radiant altar of Vehumet.
   595 | D:7      | Found a staircase to the Ecumenical Temple.
   597 | D:7      | Noticed an ogre
   628 | D:7      | Reached XP level 3. HP: 14/18 MP: 5/7
   629 | D:7      | Demolished by an ogre

Vault maps used:
D:1:      minmay_arrival_plants_in_alcoves, fountainhead
D:2:      kiku_gazebo_garden_becter, lemuel_crystal_altar, ecumenical_altar_2,
          minmay_ruptured
D:3:      marbit_many_paths, uniq_terence
D:4:      goddamned_bats
D:5:      minmay_goblin_kobold_castle, first_bread, serial_shops,
          nicolae_shop_crystal
D:6:      lemuel_coloured_pillars_altar, minmay_door_square, uniq_pikel
D:7:      hangedman_cross_stitches, xom_shifter_show, fiery_altar_vehumet,
          minmay_temple_entry_statues_fountains, minmay_unpleasant_kobolds

Action                   || total
-------------------------++-------
Melee: Unarmed           ||    30
 Cast: Beastly Appendage ||     1
Evoke: Wand              ||     2
  Use: Scroll            ||     6
